 Dungeon Crawl Stone Soup version 0.18-a0-1123-gbd92598 (webtiles) character file.

542 M4edhros the Sneak (level 7, -2/43 HPs)
             Began as an Octopode Artificer on Jan 19, 2016.
             Was a Follower of Fedhas.
             Killed by divine providence
             ... invoked by an orc priest
              (16 damage)
             ... on level 3 of the Dungeon.
             The game lasted 00:08:58 (3925 turns).

M4edhros the Sneak (Octopode Artificer)             Turns: 3925, Time: 00:08:58

Health: -2/43      AC:  1    Str:  9 (10) XL:     7   Next: 27%
Magic:  10/10      EV: 11    Int: 14 (16) God:    Fedhas [*.....]
Gold:   168        SH:  6    Dex: 13      Spells: 0 memorised, 6 levels left

rFire  . . .     SeeInvis .     a - +0 short sword
rCold  . . .     Gourm    .     s - +0 shield
rNeg   + . .     Faith    .     (helmet restricted)
rPois  .         Spirit   .     n - amulet of dismissal
rElec  .         Dismiss  +     l - ring of positive energy
rCorr  .         Reflect  .     (no ring)
SustAt .         Harm     .     q - ring of stealth
MR     .....                    (no ring)
Stlth  ++++++....               (no ring)
                                (no ring)
                                (no ring)
                                (no ring)

@: lethally poisoned (-2 -> -6), not resistant to hostile enchantments, very
stealthy
A: almost no armour, amphibious, 8 rings, constrict 8, tentacle spike 1,
camouflage 1, deterioration 1, sense surroundings 1, gelatinous body 1, no
device heal 1
a: Evolution, Renounce Religion


You were on level 3 of the Dungeon.
You worshipped Fedhas.
Fedhas was aware of your devotion.
You were very hungry.

You visited 1 branch of the dungeon, and saw 7 of its levels.

You collected 168 gold pieces.

Inventory:

Hand Weapons
 a - a +0 short sword (weapon)
 i - a +0 hunting sling
Missiles
 e - 190 stones (quivered)
 g - a throwing net
 m - 68 sling bullets
Armour
 s - a +0 shield (worn)
Rods
 h - a +0 iron rod (13/13)
   (You acquired it on level 7 of the Dungeon)
Jewellery
 l - a ring of positive energy (left tentacle)
 n - an amulet of dismissal (around mantle)
 q - a ring of stealth (on tentacle)
Wands
 b - a wand of flame (6/48)
 c - a wand of enslavement (10/24)
Scrolls
 f - 4 scrolls of teleportation
 j - 2 scrolls of recharging
 k - 2 scrolls of identify
 t - 2 scrolls of blinking
 v - a scroll of fog
Potions
 u - a potion of flight
Books
 p - Sif Muna's Almanac of Attacks
   (You found it on level 3 of the Dungeon)

   Spells                             Type                      Level
   a - Sting                          Conjuration/Poison           1
Comestibles
 d - a beef jerky


   Skills:
 - Level 1.0 Fighting
 - Level 1.0 Short Blades
 * Level 0.6 Slings
 * Level 5.1 Dodging
 * Level 6.5 Stealth
 * Level 0.6 Shields
 * Level 0.7 Invocations
 * Level 4.7 Evocations


You had 6 spell levels left.
You didn't know any spells.

Dungeon Overview and Level Annotations

Branches:
Dungeon (7/15)
 Temple: D:4-7

Altars:
Dithmenos
Fedhas
Kikubaaqudgha
Pakellas
Qazlal
Sif Muna
Yredelemnul
The Shining One

Shops:
D:4 (


Innate Abilities, Weirdness & Mutations

You cannot wear most types of armour.
You are amphibious.
You can wear up to eight rings at the same time.
You can use your tentacles to constrict eight enemies at once.
Your skin changes colour to match your surroundings (Stealth).
Your rubbery body absorbs attacks (AC +1).
One of your tentacles bears a spike.
Your body sometimes deteriorates upon taking damage.
You passively map a small area around you.
Potions and wands are less effective at restoring your health.


Message History

Okay, then.
Evoke which item? (* to show all) (? for menu, Esc to quit)
Zapping:
c - a wand of enslavement (12/24)
Press: ? - help, Shift-Dir - straight line, f - orc
Aim: an orc (chance to defeat MR: 86%)
The worker ant struggles to resist.
This wand has 11 charges left.
You feel sick. The orc barely misses you. The worker ant closely misses you.
Evoke which item? (* to show all) (? for menu, Esc to quit)
Zapping:
c - a wand of enslavement (11/24)
Press: ? - help, Shift-Dir - straight line, f - hobgoblin
Aim: a hobgoblin (chance to defeat MR: 86%)
The worker ant is charmed.
This wand has 10 charges left.
You feel sick. The orc barely misses you. You block the hobgoblin's attack.
You feel sick. The orc misses your worker ant.
The hobgoblin hits your worker ant.
You feel sick.
The orc priest mumbles some strange prayers to Beogh against you.
Something smites you!
You die...
Fedhas appreciates your contribution to the ecosystem.

......+.....................##...
..#...#...#....>........... +$..
..#...#...'..##.............##...
......#...#..##.###.#............
..........#..##.. ..'............
......##..#..######'#.........#..
......##..#........g.........##..
###...##..#........o..o....#.*#..
###...##..#.#...@a.l.o.....#o #..
..........#)#..............#o #..
..........#.#########)......, #..
..........#........ ...###. #..
..........#......#., ..... , #..
..........#........ ,............
..........'........, ........#.##
..........#........ .......,#. #
................... .......,#.*#


You could see an orc priest, 2 orcs, a hobgoblin, a giant newt and a friendly
worker ant.

Vanquished Creatures
  A sky beast (D:3)
  An ogre (D:4)
  A giant frog (D:4)
  A scorpion (D:4)
  A jelly (D:5)
  2 orc wizards (D:3)
  Jessica (D:3)
  Robin (D:3)
  3 gnolls (D:3)
  2 adders
  An ooze (D:2)
  A worm (D:2)
  A giant gecko (D:1)
  7 orcs
  A ball python (D:1)
  7 bats
  3 giant cockroaches
  8 hobgoblins
  9 jackals
  4 kobolds
  5 giant newts
  6 goblins
  A quokka skeleton (D:4)
  8 rats
76 creatures vanquished.

Vanquished Creatures (collateral kills)
  An adder (D:3)
  2 orcs (D:3)
  A hobgoblin (D:3)
  2 jackals (D:1)
  6 goblins (D:3)
12 creatures vanquished.

Vanquished Creatures (others)
  A goblin (D:3)
  A jackal (D:1)
  28 toadstools
30 creatures vanquished.

Grand Total: 118 creatures vanquished

Notes
Turn   | Place    | Note
--------------------------------------------------------------
     0 | D:1      | M4edhros the Octopode Artificer began the quest for the Orb.
     0 | D:1      | Reached XP level 1. HP: 13/13 MP: 3/3
   259 | D:1      | Reached XP level 2. HP: 5/18 MP: 4/4
   639 | D:2      | Reached XP level 3. HP: 7/23 MP: 5/5
   877 | D:3      | Noticed Robin
  1076 | D:3      | Noticed Jessica
  1080 | D:3      | Killed Jessica
  1080 | D:3      | Reached XP level 4. HP: 28/28 MP: 6/6
  1083 | D:3      | Noticed a sky beast
  1218 | D:3      | Reached skill level 4 in Stealth
  1438 | D:3      | Killed a sky beast
  1438 | D:3      | Reached skill level 5 in Stealth
  1438 | D:3      | Reached XP level 5. HP: 33/33 MP: 6/8
  1454 | D:4      | Gained mutation: Potions and wands are less effective at restoring your health. [mutagenic meat]
  1455 | D:4      | Gained mutation: You passively map a small area around you. [mutagenic meat]
  1456 | D:4      | Gained mutation: Your body sometimes deteriorates upon taking damage. [mutagenic meat]
  1457 | D:4      | Gained mutation: One of your tentacles bears a spike. [mutagenic meat]
  1458 | D:4      | Noticed an ogre
  1469 | D:4      | Killed an ogre
  1469 | D:4      | Reached XP level 6. HP: 34/38 MP: 9/9
  1530 | D:4      | You fall through a shaft for 3 floors!
  1530 | D:7      | Found a basalt altar of Yredelemnul.
  1538 | D:7      | Identified a scroll of acquirement
  1567 | D:5      | Entered Level 5 of the Dungeon
  1668 | D:5      | Found an oddly glowing altar of Pakellas.
  1669 | D:5      | Found a deep blue altar of Sif Muna.
  1669 | D:5      | Found a blossoming altar of Fedhas.
  1671 | D:5      | Found a stormy altar of Qazlal.
  1673 | D:5      | Found a glowing golden altar of the Shining One.
  1673 | D:5      | Found an ancient bone altar of Kikubaaqudgha.
  1674 | D:5      | Found a shadowy altar of Dithmenos.
  1677 | D:5      | Became a worshipper of Fedhas Madash
  1758 | D:4      | Found Sosuazuf's Antique Weapon Boutique.
  1764 | D:4      | Reached skill level 6 in Stealth
  2052 | D:4      | Noticed a slave
  2052 | D:4      | Noticed a slave
  2290 | D:4      | Lost mutation: One of your tentacles bears a spike. [potion of mutation]
  2290 | D:4      | Gained mutation: One of your tentacles bears a spike. [potion of mutation]
  2467 | D:3      | Reached XP level 7. HP: 12/43 MP: 10/10
  2533 | D:3      | Reached skill level 5 in Dodging
  2535 | D:3      | HP: 2/43 [goblin/stone[Robin] (4)]
  2566 | D:3      | Killed Robin
  2652 | D:3      | Reached * piety under Fedhas
  2771 | D:3      | Found a deep blue altar of Sif Muna.
  2794 | D:3      | Identified Sif Muna's Almanac of Attacks
  3925 | D:3      | Killed from afar by an orc priest

Vault maps used:
D:1:      dpeg_arrival_pits, serial_forest, infiniplex_forest_end_double,
          infiniplex_forest_straight_4, infiniplex_forest_clump_small,
          infiniplex_forest_join, infiniplex_forest_split,
          infiniplex_forest_end_2, minmay_liquid_box, kennysheep_small_spiral
D:3:      led_sif_book, uniq_jessica, uniq_robin
D:4:      grunt_temple_overflow_gold_and_silver, nicolae_ru_awakened_eye,
          serial_shops, nicolae_shop_window_shopping, uniq_pikel
D:5:      kennysheep_mini, grunt_temple_overflow_open, serial_co_window_serial,
          co_window_corner_a, co_window_paths_a, co_window_paths_a,
          co_window_of_opportunity_a, co_window_of_opportunity_a,
          co_window_corner_ca, co_window_corner_ca, co_window_2corner,
          first_bread, grunt_ministairs_9
D:6:      nicolae_overflow_crystal_walls, elyvilon_altar_5
D:7:      yredelemnul_altar_generic, minmay_temple_entry_junction

Action                   |  1- 3 |  4- 6 |  7- 9 || total
-------------------------+-------+-------+-------++-------
Melee: Short sword       |    51 |    63 |    50 ||   164
Evoke: Wand              |     7 |    17 |     5 ||    29
  Use: Scroll            |       |     5 |     4 ||     9
       Potion            |       |     4 |     3 ||     7
 Stab: Sleeping          |     3 |     4 |    13 ||    20
  Eat: Chunk             |       |     6 |       ||     6
       Bread ration      |       |     1 |       ||     1
       Pizza             |       |       |     1 ||     1
